 Dungeon Crawl Stone Soup version 0.29-a0-369-gd956c00756 (webtiles) character file.

Game seed: 6356631301990301103

75917 holysushi the Spry (level 16, -8/103 HPs)
             Began as a Kobold Monk on May 1, 2022.
             Was the Champion of Dithmenos.
             Mangled by an orc warrior
             ... wielding a +0 scimitar
              (10 damage)
             ... while paralysed by an orc sorcerer
             ... on level 2 of the Orcish Mines on May 2, 2022.
             The game lasted 00:34:27 (24163 turns).

holysushi the Spry (Kobold Monk)                   Turns: 24163, Time: 00:34:27

Health: -8/103     AC: 13    Str: 11      XL:     16   Next: 0%
Magic:  19/19      EV:  3    Int: 22 (25) God:    Dithmenos [******]
Gold:   1626       SH:  0    Dex: 36      Spells: 17/19 levels left

rFire   . . .      SeeInvis .   f - +5 rapier (vamp)
rCold   + . .      Faith    .   F - +1 buckler of the Ten Gazing Wars {rC+ Int+7 Dex+6}
rNeg    . . .      Spirit   .   L - +2 robe {Will+}
rPois   .          Reflect  .   B - +2 helmet
rElec   .          Harm     .   N - +2 cloak {rCorr}
rCorr   +          Rampage  .   G - +0 pair of gloves
Will    ++...                   u - +0 pair of boots Stlth *******+++
                                (no amulet)
HPRegen 0.27/turn               r - +6 ring of dexterity
MPRegen 0.16/turn               D - +6 ring of intelligence

@: paralysed, wreathed by umbra
A: small, no large weapons, nightstalker 3, talons 1, strong 1
a: Renounce Religion, Shadow Step, Shadow Form


You were on level 2 of the Orcish Mines.
You worshipped Dithmenos.
Dithmenos was exalted by your worship.
You visited 4 branches of the dungeon, and saw 21 of its levels.
You also visited: Bailey.

You collected 1626 gold pieces.

Inventory:

Hand Weapons
 f - a +5 vampiric rapier (weapon)
 n - the +8 dagger of Mourning {antimagic, rCorr Str+7 Int+2}
   (You found it on level 2 of the Dungeon)

   It reduces the magical energy of the wielder, and disrupts the spells and
   magical abilities of those it strikes.
   Natural abilities and divine invocations are not affected.
   Str:       It affects your strength (+7).
   Int:       It affects your intelligence (+2).
   rCorr:     It protects you from acid and corrosion.
 E - a +4 short sword
 U - a +0 rapier of distortion
Armour
 l - a +2 robe of positive energy
 u - a +0 pair of boots (worn)
 B - a +2 helmet (worn)
 F - the +1 buckler of the Ten Gazing Wars (worn) {rC+ Int+7 Dex+6}
   (You acquired it on level 10 of the Dungeon)

   Int:       It affects your intelligence (+7).
   Dex:       It affects your dexterity (+6).
   rC:        It protects you from cold.
 G - a +0 pair of gloves (worn)
 H - a +0 troll leather armour
 L - a +2 robe of willpower (worn)
 N - a +2 cloak of preservation (worn)
 Y - a +2 robe of fire resistance
Jewellery
 r - a +6 ring of dexterity (left hand)
 D - a +6 ring of intelligence (right hand)
 S - a ring of wizardry
 W - a ring of protection from cold
Wands
 C - a wand of acid (18)
 J - a wand of digging (7)
 K - a wand of paralysis (10)
 M - a wand of polymorph (3)
 O - a wand of flame (6)
 T - a wand of iceblast (7)
Scrolls
 b - a scroll of brand weapon
 j - a scroll of holy word
 k - a scroll of summoning
 o - 4 scrolls of blinking
 p - 6 scrolls of amnesia
 q - 7 scrolls of fear
 w - 2 scrolls of torment
 y - 7 scrolls of teleportation
 I - 2 scrolls of enchant armour
 Q - 2 scrolls of magic mapping
 R - 5 scrolls of fog
 V - a scroll of vulnerability
Potions
 a - 3 potions of mutation
 c - 2 potions of ambrosia
 d - 4 potions of flight
 e - 3 potions of resistance
 g - a potion of invisibility
 h - 2 potions of might
 i - 4 potions of heal wounds
 m - 7 potions of haste
 s - 6 potions of lignification
 t - 3 potions of berserk rage
 v - 2 potions of magic
 x - 3 potions of attraction
 z - 3 potions of brilliance
 A - 3 potions of cancellation
 P - 7 potions of curing
Miscellaneous
 X - a piece from Xom's chessboard (15/15)


   Skills:
 + Level 12.5 Fighting
 - Level 16.0 Short Blades
 - Level 4.0 Armour
 + Level 17.7 Dodging
 + Level 16.4 Stealth
 - Level 4.0 Shields
 - Level 2.0 Spellcasting
 - Level 5.0 Translocations
 - Level 3.0 Invocations
 - Level 8.0 Evocations


You had 17 spell levels left.
You knew the following spells:

 Your Spells              Type           Power      Damage    Failure   Level
a - Blink                 Tloc           48%        N/A       3%          2

Your spell library contained the following spells:

 Spells                   Type           Power      Damage    Failure   Level
 Foxfire                  Conj/Fire      8%         2x1d4     21%         1
 Corpse Rot               Necr/Air       4%         N/A       30%         2
 Ensorcelled Hibernation  Hex/Ice        4%         N/A       30%         2
 Passwall                 Tmut/Erth      1%         N/A       30%         2
 Static Discharge         Conj/Air       2%         N/A       30%         2
 Conjure Flame            Conj/Fire      2%         6-21      52%         3
 Inner Flame              Hex/Fire       2%         N/A       52%         3
 Swiftness                Air            2%         N/A       52%         3
 Manifold Assault         Tloc           24%        N/A       56%         5
 Cause Fear               Hex            1%         N/A       89%         4
 Dispel Undead            Necr           2%         3d7       89%         4
 Flame Wave               Conj/Fire      2%         2d4       89%         4
 Leda's Liquefaction      Hex/Erth       1%         N/A       89%         4
 Sticky Flame             Conj/Fire      2%         2d3       89%         4
 Summon Lightning Spire   Summ/Air       2%         N/A       89%         4
 Lee's Rapid Deconstruct  Erth           1%         3d5*      99%         5
 Death Channel            Necr           1%         N/A       100%        6
 Statue Form              Tmut/Erth      1%         N/A       100%        6
 Storm Form               Tmut/Air       1%         N/A       100%        7
 Discord                  Hex            1%         N/A       100%        8
 Maxwell's Capacitive Co  Air            1%         ∞         100%        8


Dungeon Overview and Level Annotations

Branches:
Dungeon (12/15)            Temple (1/1) D:4            Lair (6/6) D:11
  Swamp (0/4) Lair:2        Snake (0/4) Lair:4        Slime (0/5) Lair:6
    Orc (2/2) D:12            Elf (0/3) Orc:2        Bailey (visited)

Altars:
Ashenzari
Cheibriados
Dithmenos
Elyvilon
Fedhas
Gozag
Hepliaklqana
Kikubaaqudgha
Makhleb
Nemelex Xobeh
Okawaru
Qazlal
Ru
Sif Muna
Trog
Uskayaw
Vehumet
Wu Jian
Xom
Yredelemnul
Zin
The Shining One
Jiyva
Lugonu

Portals:
Abyss: Lair:6

Annotations:
D:3 1 runed translucent door, Crazy Yiuf
D:11 exclusion: 2 tormentors
Lair:5 exclusion: downstairs


Innate Abilities, Weirdness & Mutations

You are small and have problems with some larger weapons.
You are completely attuned to the shadows.
You have sharp toenails.
Your muscles are strong. (Str +2)


Message History

The ynoxinul disappears in a puff of smoke!
The ufetubus disappears in a puff of smoke! x2
The orc knight misses you.
An orc high priest comes into view.
It is wielding a +2 glaive of protection.
The orc warrior throws a boomerang.
You block the boomerang.
You have reached level 16!
Found a rat skeleton.
The orc knight completely misses you. x2
An orc wizard comes into view. It is wielding a +0 dagger.
You block the orc wizard's attack.
The orc sorcerer mumbles some strange words.
You block the orc warrior's attack.
Items here: ( ) [ †.
Unknown command.
You puncture the orc sorcerer!
The orc sorcerer is moderately wounded.
Unknown command.
You puncture the orc sorcerer!
The orc sorcerer is severely wounded.
Your shadow barely misses the orc sorcerer.
You block the ynoxinul's attack. The orc sorcerer casts a spell at you.
You suddenly lose the ability to move!
The orc high priest hits you from afar with a +2 glaive of protection!!
The orc wizard hits you but does no damage.
The orc knight hits you with a +2 battleaxe of flaming!
The orc knight burns you.
The orc warrior hits you but does no damage.
The orc knight roars a battlecry!
The orcs go into a battle-frenzy!
The orc sorcerer hits you with a +0 dagger.
The orc high priest hits you from afar with a +2 glaive of protection!
You emit a cloud of dark smoke.
The orc priest calls upon Beogh to heal something.
The orc wizard hits you but does no damage.
The orc knight hits you with a +2 battleaxe of flaming!!
* * * LOW HITPOINT WARNING * * *
You emit a cloud of dark smoke.
The orc knight burns you.
* * * LOW HITPOINT WARNING * * *
The orc warrior hits you with a +0 scimitar!
You die...

##### ###...## ##
##....[.###..## #
###.§§§....##...#####
#.§o3§##....#....##..
#.§o@####..[##.....[.
..ooo§.##.)..#...))[[
.÷ooo÷÷.##....[..)[##
........##......[####
...§.o÷###........##.
#........###
#........# # .......


You could see 2 orc knights, an orc high priest (strong), a ynoxinul (summoned),
an orc sorcerer (strong), an orc warrior (strong), 2 orc priests and 2 orc
wizards.

Vanquished Creatures
  Gastronok (Lair:2)
  Nessos (Orc:2)
  An ettin (Orc:1)
  Josephine (D:11)
  6 hydras
  Erolcha (Orc:2)
  Fannar (D:12)
  4 boulder beetles
  Erica (D:11)
  4 two-headed ogres
  4 death knights (D:11)
  The ghost of SirDiesAlot the Blocker, a journeyman GrFi of Okawaru (D:9)
  Urug (Lair:6)
  4 thrashing horrors (Lair:6)
  5 death yaks (Lair:3)
  An orc high priest (Orc:2)
  Nergalle (Lair:4)
  Sonja (Lair:2)
  Amaemon (Lair:2)
  4 ugly things
  An orc knight (Orc:2)
  3 elephants (Lair:5)
  3 cyclopes
  7 black mambas
  A guardian serpent (shapeshifter) (D:10)
  2 torpor snails
  12 cane toads
  4 smoke demons (Lair:6)
  An orange demon (Lair:2)
  3 gargoyles
  A large abomination (Lair:6)
  7 komodo dragons
  3 kobold demonologists
  An unseen horror (D:11)
  7 rime drakes
  An ancient zyme (Lair:6)
  4 trolls
  2 hornets
  6 dream sheep
  7 slime creatures (D:12)
  A dream sheep (shapeshifter) (Lair:6)
  23 blink frogs
  Sigmund (D:2)
  A spriggan (Lair:6)
  An air elemental (D:10)
  47 yaks
  10 wraiths
  4 vampires
  6 wyverns
  Grum (D:8)
  2 chaos spawn (Lair:6)
  8 basilisks
  5 steam dragons
  2 vampire mosquitoes (D:12)
  4 wargs (Orc:1)
  6 nagas (Lair:4)
  4 acid dragons
  18 water moccasins
  A swamp drake (D:12)
  Pargi (D:4)
  16 orc warriors
  A sky beast (D:8)
  3 black bears
  11 wolves
  7 ogres
  7 centaurs
  2 kobold brigands
  11 bullfrogs
  A gnoll sergeant (D:10)
  3 scorpions
  An earth elemental (D:10)
  2 necrophages (D:5)
  12 small abominations (Lair:6)
  12 wights
  A killer bee (D:10)
  4 howler monkeys
  7 vampire bats (Bailey)
  7 wolf zombies (Bailey)
  2 electric eels
  8 jellies
  12 orc priests
  2 hounds (D:5)
  3 gnoll shamans
  20 orc wizards
  11 hell rats
  Terence (D:2)
  15 adders
  24 gnolls
  A white imp (D:5)
  An ufetubus (D:5)
  3 worms
  A dart slug (D:3)
  59 orcs
  6 ball pythons
  4 endoplasms
  2 giant cockroaches
  6 goblins
  6 hobgoblins
  8 jackals (D:1)
  17 kobolds
  2 quokkas (D:3)
  3 bats
  2 frilled lizards
  19 orc zombies (Bailey)
  8 rats
620 creatures vanquished.

Vanquished Creatures (others)
  A rime drake (Lair:6)
  An orc (Orc:2)
  3 bushes
  25 fungi
  58 plants
88 creatures vanquished.

Grand Total: 708 creatures vanquished

Notes
Turn   | Place    | Note
-------+----------+-------------------------------------------
     0 | D:1      | holysushi the Kobold Monk began the quest for the Orb.
     0 | D:1      | Reached XP level 1. HP: 14/14 MP: 1/1
   236 | D:1      | Reached XP level 2. HP: 18/19 MP: 2/2
   619 | D:1      | Reached skill level 5 in Short Blades
   619 | D:1      | Reached XP level 3. HP: 24/24 MP: 3/3
   972 | D:1      | Found a faded altar of an unknown god.
  1291 | D:2      | Noticed Terence
  1295 | D:2      | Killed Terence
  1296 | D:2      | Reached XP level 4. HP: 29/29 MP: 4/4
  2096 | D:2      | Noticed Sigmund
  2100 | D:2      | Killed Sigmund
  2101 | D:2      | Reached skill level 5 in Fighting
  2101 | D:2      | Reached XP level 5. HP: 35/35 MP: 5/5
  2101 | D:2      | Reached XP level 6. HP: 40/40 MP: 6/6
  2143 | D:2      | Identified the +10 spear "Izxea" {chaos, Stlth+}
  2421 | D:2      | Identified the +8 dagger of Mourning {antimagic, rCorr
                  | Str+7 Int+2}
  2560 | D:3      | Found a hide-covered altar of Uskayaw.
  3358 | D:3      | Found a runed translucent door.
  3361 | D:3      | Noticed Crazy Yiuf
  3645 | D:4      | Noticed Pargi
  3656 | D:4      | Killed Pargi
  3657 | D:4      | Reached XP level 7. HP: 30/44 MP: 2/7
  4146 | D:4      | Reached XP level 8. HP: 25/51 MP: 2/8
  4520 | D:4      | Found a staircase to the Ecumenical Temple.
  4976 | Temple   | Entered the Ecumenical Temple
  5461 | Temple   | Became a worshipper of Dithmenos the Shadowed
  5461 | Temple   | Reached * piety under Dithmenos
  5461 | Temple   | Reached ** piety under Dithmenos
  5504 | D:5      | Entered Level 5 of the Dungeon
  5522 | D:5      | Reached skill level 10 in Short Blades
  5615 | D:5      | HP: 2/52 [ogre/+0 giant spiked club (20)]
  5949 | D:5      | Reached skill level 4 in Dodging
  6296 | D:5      | Reached skill level 5 in Dodging
  6443 | D:6      | Reached XP level 9. HP: 56/56 MP: 3/9
  6544 | D:6      | Reached skill level 6 in Dodging
  6607 | D:6      | Reached skill level 7 in Dodging
  7025 | D:7      | Reached skill level 8 in Dodging
  7386 | D:7      | Reached skill level 9 in Dodging
  7642 | D:7      | Reached skill level 10 in Dodging
  7695 | D:7      | Noticed a hornet
  7699 | D:7      | Killed a hornet
  8287 | D:8      | Reached skill level 11 in Dodging
  8438 | D:7      | Learned a level 2 spell: Blink
  8447 | D:8      | Noticed a hornet
  8451 | D:8      | Killed a hornet
  8452 | D:8      | Reached skill level 1 in Spellcasting
  8452 | D:8      | Reached skill level 1 in Translocations
  8452 | D:8      | Reached XP level 10. HP: 61/61 MP: 3/11
  8460 | D:8      | Found a flagged portal.
  8484 | Bailey   | Entered a bailey
  8537 | Bailey   | Noticed a gargoyle
  8541 | Bailey   | Killed a gargoyle
  8561 | Bailey   | Reached *** piety under Dithmenos
  8746 | Bailey   | Reached skill level 12 in Dodging
  8973 | Bailey   | Identified the +1 chain mail of Astrasi {+Inv}
  9008 | Bailey   | Identified the +0 chain mail of the Present {Str-2 Int+2
                  | Dex+4 Stlth+}
  9364 | D:8      | Reached skill level 5 in Stealth
  9971 | D:8      | Noticed Grum
  9990 | D:8      | Killed Grum
 10113 | D:8      | Reached **** piety under Dithmenos
 10240 | D:9      | Noticed a two-headed ogre
 10244 | D:9      | Killed a two-headed ogre
 10245 | D:9      | Reached XP level 11. HP: 66/66 MP: 4/14
 10444 | D:9      | Found a transporter.
 10625 | D:9      | Noticed an eight-headed hydra
 10627 | D:9      | Killed an eight-headed hydra
 10628 | D:9      | Reached skill level 13 in Dodging
 10639 | D:9      | Found a runed translucent door.
 10644 | D:9      | Noticed SirDiesAlot's ghost (journeyman GrFi)
 10693 | D:9      | Found a transporter.
 11087 | D:10     | Entered Level 10 of the Dungeon
 11331 | D:10     | Reached skill level 10 in Stealth
 11348 | D:10     | Reached skill level 14 in Dodging
 11411 | D:10     | Reached skill level 1 in Evocations
 11551 | D:10     | You fall into a shaft and drop 2 floors!
 11664 | D:12     | Noticed a cyclops
 11668 | D:12     | Killed a cyclops
 12074 | D:12     | Reached ***** piety under Dithmenos
 12089 | D:12     | Reached XP level 12. HP: 51/72 MP: 5/15
 12303 | D:11     | Noticed Erica
 12307 | D:11     | Killed Erica
 12391 | D:11     | Noticed a death knight
 12392 | D:11     | Noticed a death knight
 12392 | D:11     | Noticed a death knight
 12394 | D:11     | Killed a death knight
 12397 | D:11     | Killed a death knight
 12400 | D:11     | Killed a death knight
 12401 | D:11     | Reached skill level 15 in Dodging
 12416 | D:11     | Noticed a death knight
 12420 | D:11     | Killed a death knight
 12441 | D:11     | Noticed Josephine
 12445 | D:11     | Killed Josephine
 12663 | D:11     | Noticed a two-headed ogre
 12667 | D:11     | Killed a two-headed ogre
 12673 | D:11     | Noticed a boulder beetle
 12681 | D:11     | Found a staircase to the Lair.
 12808 | D:11     | Noticed a two-headed ogre
 12812 | D:11     | Killed a two-headed ogre
 12835 | D:10     | Found a large runed translucent door.
 12835 | D:10     | Found a large runed translucent door.
 12936 | D:10     | Reached XP level 13. HP: 73/80 MP: 5/16
 13269 | D:10     | Noticed an eight-headed hydra
 13270 | D:10     | Killed an eight-headed hydra
 13916 | D:10     | Identified a scroll of acquirement
 13916 | D:10     | Acquired the +1 buckler of the Ten Gazing Wars {rC+ Int+7
                  | Dex+6}
 14015 | D:9      | Killed SirDiesAlot's ghost
 14080 | D:9      | Reached skill level 10 in Fighting
 14361 | D:11     | Reached skill level 16 in Dodging
 14428 | D:11     | Killed a boulder beetle
 14429 | D:11     | Reached skill level 1 in Shields
 14447 | D:11     | Identified the +2 battleaxe "Jeluer" {antimagic, +Blink
                  | rElec Str-2 Stlth+}
 14719 | D:11     | Noticed a seven-headed hydra
 14736 | D:11     | Killed a seven-headed hydra
 14737 | D:11     | Reached skill level 1 in Armour
 15247 | D:12     | Reached skill level 1 in Invocations
 15341 | D:12     | Found an iron altar of Okawaru.
 15343 | D:12     | Noticed Fannar
 15346 | D:12     | Killed Fannar
 15499 | D:12     | Found a staircase to the Orcish Mines.
 15605 | D:12     | Identified the +6 hand axe "Mutul" {vamp, Dex+2}
 16146 | Lair:1   | Entered Level 1 of the Lair of Beasts
 17313 | Lair:2   | Reached XP level 14. HP: 88/88 MP: 5/17
 17356 | Lair:2   | Noticed Amaemon
 17484 | Lair:2   | Killed Amaemon
 17485 | Lair:2   | Reached skill level 5 in Evocations
 17540 | Lair:2   | Noticed Gastronok
 17544 | Lair:2   | Killed Gastronok
 17640 | Lair:2   | Reached ****** piety under Dithmenos
 18016 | Lair:2   | Noticed Sonja
 18024 | Lair:2   | Killed Sonja
 18074 | Lair:2   | Found a staircase to the Swamp.
 19379 | Lair:4   | Noticed Nergalle
 19383 | Lair:4   | Killed Nergalle
 19471 | Lair:4   | You fall into a shaft and drop 2 floors!
 19471 | Lair:6   | Entered Level 6 of the Lair of Beasts
 19471 | Lair:6   | Noticed Urug
 19474 | Lair:6   | Killed Urug
 19760 | Lair:4   | Found a staircase to the Snake Pit.
 20877 | Lair:5   | Reached XP level 15. HP: 95/95 MP: 18/18
 20889 | Lair:5   | Reached skill level 15 in Stealth
 21013 | Lair:5   | Reached skill level 15 in Short Blades
 21595 | Lair:6   | Reached skill level 17 in Dodging
 21621 | Lair:6   | Reached skill level 5 in Translocations
 22886 | Lair:6   | Found a viscous altar of Jiyva.
 22886 | Lair:6   | Found a staircase to the Slime Pits.
 22996 | Lair:6   | Found a corrupted altar of Lugonu.
 22998 | Lair:6   | Found a one-way gate to the infinite horrors of the Abyss.
 23316 | Orc:1    | Entered Level 1 of the Orcish Mines
 23651 | Orc:2    | Entered Level 2 of the Orcish Mines
 23672 | Orc:2    | Noticed Erolcha
 23676 | Orc:2    | Killed Erolcha
 23707 | Orc:2    | Found a staircase to the Elven Halls.
 23903 | Orc:2    | Noticed Nessos
 23939 | Orc:2    | Killed Nessos
 24016 | Orc:2    | Gained mutation: You sometimes lose the ability to read
                  | scrolls when taking damage. [a neqoxec]
 24100 | Orc:1    | Lost mutation: You sometimes lose the ability to read
                  | scrolls when taking damage. [potion of mutation]
 24100 | Orc:1    | Gained mutation: Your magical capacity is low. (-10% MP)
                  | [potion of mutation]
 24100 | Orc:1    | Gained mutation: You are dopey. (Int -2) [potion of
                  | mutation]
 24101 | Orc:1    | Lost mutation: You are dopey. (Int -2) [potion of mutation]
 24101 | Orc:1    | Lost mutation: Your magical capacity is low. (-10% MP)
                  | [potion of mutation]
 24101 | Orc:1    | Gained mutation: Your muscles are strong. (Str +2) [potion
                  | of mutation]
 24101 | Orc:1    | Gained mutation: You have sharp toenails. [potion of
                  | mutation]
 24160 | Orc:2    | Reached XP level 16. HP: 80/103 MP: 19/19
 24162 | Orc:2    | Paralysed by an orc sorcerer for 2 turns
 24163 | Orc:2    | HP: 5/103 [orc knight/+2 battleaxe of flaming (28)]
 24163 | Orc:2    | HP: 2/103 [orc knight/+2 battleaxe of flaming (3)]
 24163 | Orc:2    | Mangled by an orc warrior

Illustrated notes

Levels and vault maps discovered:
D:1:      amcnicky_arrival_single_pillar, layout_basic,
          ebering_ecumenical_altar_webs, serial_bayou_pond_e, minivault_26
D:2:      layout_basic, serial_bayou_pond_e, uniq_sigmund, uniq_terence
D:3:      layout_basic, mainiacjoe_overflow_boulevard, serial_bayou,
          serial_bayou_shore_a, serial_bayou_pond_a, serial_bayou_pond_d,
          serial_bayou_pond_e, kennysheep_minor_cross, uniq_crazy_yiuf_cottage
D:4:      layout_basic, temple_fountains, uniq_pargi
D:5:      layout_rooms
D:6:      layout_rooms, serial_corexii_hall, chequers_hall_statues_y,
          corexii_hall_statues_s
D:7:      layout_basic, grunt_ministairs_11
D:8:      black_bear_nest_2, layout_loops_ring, enter_bailey_6, uniq_grum
D:9:      gammafunk_cloud_chamber, layout_basic, hellmonk_ghost_happy_afterlife
D:10:     minmay_imperfect_grid, layout_basic, lightli_elemental_guards
D:11:     cheibrodos_tormentor_scu, layout_basic, minmay_lair_entry_grove,
          uniq_josephine, uniq_erica
D:12:     layout_layer_cave, erik_orc_1, okawaru_metal_pillars_1_2, uniq_fannar
Temple:   mainiacjoe_temple_archimedes_tessellation
Lair:1:   layout_cave_pods, dreamdust_deal_with_the_devil
Lair:2:   layout_misc_corridors, swamp_mist_pool, grunt_megastairs_2,
          infiniplex_staircase_pool_2, uniq_sonja, uniq_gastronok, uniq_amaemon
Lair:3:   layout_chaotic_city, serial_forest, infiniplex_forest_straight_2,
          infiniplex_forest_lined_2, infiniplex_forest_lined_corner,
          infiniplex_forest_straight_3, infiniplex_forest_straight_2,
          infiniplex_forest_lined_2, infiniplex_forest_clump_tiny
Lair:4:   layout_hall_layers, minmay_snake_entry_guardpost_large,
          cheibrodos_lair_caveside_slide, chequers_serial_rivers_micro_a,
          serial_bayou_crossing, serial_bayou_shore_b, uniq_nergalle
Lair:5:   layout_long_grid, lemuel_fruit_fields
Lair:6:   hellmonk_lair_end_abyssal_woods, layout_misc_corridors,
          dpeg_slime_entry_enclosed_altar, lemuel_fruit_tree,
          serial_bayou_shore_b, uniq_urug
Orc:1:    layout_caves
Orc:2:    grunt_orc_tribal_feast, layout_diamond_mine, basic_altar,
          lemuel_statue_altar, uniq_erolcha, uniq_nessos

Skill      XL: |  1  2  3  4  5  6  7  8  9 10 11 12 13 14 15 |
---------------+----------------------------------------------+-----
Short Blades   | 5 7 8 9 11 12 14 16 | 16.0
Fighting       | 4 5 6 7 9 10 11 12 | 12.5
Dodging        | 5 11 12 14 15 16 17 | 17.7
Spellcasting   | 1 2 |  2.0
Translocations | 1 3 4 5 |  5.0
Stealth        | 7 10 12 13 14 16 | 16.4
Evocations     | 3 4 6 8 |  8.0
Shields        | 2 4 |  4.0
Armour         | 2 3 4 |  4.0
Invocations    | 2 3 |  3.0

Action                   |  1- 3 |  4- 6 |  7- 9 | 10-12 | 13-15 | 16-18 || total
-------------------------+-------+-------+-------+-------+-------+-------++-------
Melee: Short sword       |    25 |       |       |       |       |       ||    25
       Rapier            |    52 |    43 |       |       |   818 |     2 ||   915
       Dagger            |       |    76 |   213 |   639 |   594 |       ||  1522
       Punch             |       |     1 |     4 |    11 |     1 |       ||    17
Evoke: Wand              |       |       |       |       |     5 |       ||     5
  Use: Potion            |       |       |     3 |       |     3 |       ||     6
       Scroll            |       |       |    18 |     3 |    14 |       ||    35
 Stab: Sleeping          |     9 |    13 |    30 |    52 |    97 |       ||   201
       Distracted        |       |       |       |     2 |    13 |       ||    15
Armor: Robe              |    10 |     7 |    17 |    17 |    38 |     3 ||    92
       Troll leather arm |       |       |       |    13 |    46 |       ||    59
Dodge: Dodged            |    72 |    67 |    94 |   449 |   962 |     2 ||  1646
Block: Buckler           |       |       |       |       |   400 |     3 ||   403

Table legend: (Time is in decaauts)
 A = Elapsed time spent in this place.
 B = Non-inter-level travel time spent in this place.
 C = Inter-level travel time spent in this place.
 D = Time resting spent in this place.
 E = Time spent auto-exploring this place.
 F = Levels seen in this place.
 G = Mean time per level.
                   A        B        C        D        E       F      G
               +--------+--------+--------+--------+--------+-----+--------+
         Total |  23116 |  21874 |   1242 |   3096 |  14043 |  22 | 1050.7 |
       Dungeon |  14507 |  13627 |    880 |   2429 |   8476 |  12 | 1208.9 |
        Temple |    516 |    475 |     41 |      0 |    449 |   1 |  516.0 |
          Lair |   6742 |   6439 |    303 |    424 |   4540 |   6 | 1123.7 |
  Orcish Mines |    769 |    753 |     16 |     85 |    352 |   2 |  384.5 |
        Bailey |    581 |    581 |      0 |    158 |    225 |   1 |  581.0 |
               +--------+--------+--------+--------+--------+-----+--------+

Top non-repeatable levels by time:
    D:12: 1711 daAuts
    D:10: 1513 daAuts
  Lair:6: 1483 daAuts
     D:7: 1436 daAuts
     D:4: 1357 daAuts
     D:2: 1320 daAuts
    D:11: 1275 daAuts
  Lair:1: 1250 daAuts
     D:8: 1199 daAuts
     D:1: 1179 daAuts
  Lair:4: 1176 daAuts
     D:3: 1104 daAuts
     D:9: 1019 daAuts
  Lair:5: 996 daAuts
  Lair:2: 923 daAuts
